 Dungeon Crawl Stone Soup version 0.17-a0-737-gf0a300a (webtiles) character file.

355 Ngotmuk the Skirmisher (level 6, -3/58 HPs)
             Began as a Naga Fighter on Apr 21, 2015.
             Slain by a worker ant (6 damage)
             ... on level 4 of the Dungeon.
             The game lasted 00:05:18 (2617 turns).

Ngotmuk the Skirmisher (Naga Fighter)               Turns: 2617, Time: 00:05:18

Health: -3/58      AC:  4    Str: 20    XL:     6   Next: 63%
Magic:  6/6        EV:  8    Int:  8    God:
Gold:   126        SH:  9    Dex: 11    Spells: 0 memorised, 5 levels left

rFire  . . .     SeeInvis +     a - +1 long sword
rCold  . . .     Clarity  .     p - quicksilver dragon hide
rNeg   . . .     SustAb   .     c - +0 shield (curse)
rPois  +         Gourm    .     (no helmet)
rElec  .         Spirit   .     (no cloak)
rCorr  .         Warding  .     (no gloves)
rMut   .         Stasis   +     (no barding)
MR     +....                    g - amulet of stasis
Stlth  +.........               (no ring)
                                (no ring)

@: very slow, somewhat resistant to hostile enchantments, very unstealthy
A: repulsion field 1, see invisible, deformed body, poison resistance, slowness
2, slow metabolism 1, spit poison 2, AC +2
a: Spit Poison


You were on level 4 of the Dungeon.
You were not hungry.

You visited 1 branch of the dungeon, and saw 4 of its levels.

You collected 126 gold pieces.

Inventory:

Hand weapons
 a - a +1 long sword (weapon)
Armour
 c - a cursed +0 shield (worn)
 p - a quicksilver dragon hide (worn)
Jewellery
 g - an amulet of stasis (around neck)
Magical devices
 m - a wand of heal wounds (4)
Potions
 d - a potion of might
 h - a potion of heal wounds
 i - 2 potions of curing {unknown}
 j - a potion of resistance
 k - a potion of berserk rage
 l - a potion of restore abilities
Comestibles
 e - a bread ration
 n - a meat ration


   Skills:
 + Level 4.3 Fighting
 + Level 3.8 Long Blades
 + Level 3.7 Armour
 + Level 3.4 Shields


You had 5 spell levels left.
You didn't know any spells.

Dungeon Overview and Level Annotations

Branches:
Dungeon (4/15)
 Temple: D:4-7

Altars:
Gozag
Trog
The Shining One

Annotations:
D:4 Grinder, Natasha


Innate Abilities, Weirdness & Mutations

You cannot wear boots.
Your serpentine skin is tough (AC +2).
You have supernaturally acute eyesight.
Armour fits poorly on your strangely shaped body.
Your system is resistant to poisons.
You cover ground very slowly.
You have a slow metabolism.
You can spit poison.
You are surrounded by a mild repulsion field (EV +2).


Message History

Natasha claws you!
* * * LOW HITPOINT WARNING * * *
Grinder gestures at you. You resist with almost no effort.
The worker ant barely misses you.
You barely miss the worker ant. The worker ant bites you.
* * * LOW HITPOINT WARNING * * *
Natasha stares at you and mumbles some strange words.
The magic dart hits you!
* * * LOW HITPOINT WARNING * * *
Grinder gestures.
Grinder blinks!
The worker ant closely misses you. You block Grinder's attack.
The worker ant barely misses you. You block Natasha's attack. Grinder hits you.
* * * LOW HITPOINT WARNING * * *
You writhe in agony. x2
You aren't carrying any spellbooks or scrolls.
The worker ant bites you but does no damage.
Natasha mumbles some strange words.
Grinder gestures.
Grinder blinks!
The worker ant bites you.
You die...

########
#ยง.5...#
#ha@...# #.Z....#
#.Z...........5.#
.###.#####...###
# ..## ..# ..#
... .


You could see Grinder, a worker ant, Natasha, a white imp and a giant frog
skeleton.

Vanquished Creatures
  Menkaure (D:4)
  An eye of draining (D:3)
  An orc wizard (D:3)
  A gnoll (D:3)
  5 adders (D:3)
  An ooze (D:3)
  A worm (D:2)
  5 orcs (D:3)
  A ball python (D:3)
  4 hobgoblins
  7 jackals (D:1)
  3 kobolds
  5 bats
  8 giant cockroaches
  A giant newt (D:1)
  6 goblins
  17 rats
68 creatures vanquished.

Notes
Turn   | Place    | Note
--------------------------------------------------------------
     0 | D:1      | Ngotmuk, the Naga Fighter, began the quest for the Orb.
     0 | D:1      | Reached XP level 1. HP: 21/21 MP: 1/1
   364 | D:1      | Reached XP level 2. HP: 26/28 MP: 2/2
   808 | D:1      | Reached XP level 3. HP: 34/34 MP: 3/3
  1233 | D:2      | Found an opulent altar of Gozag.
  1301 | D:2      | Found a glowing golden altar of the Shining One.
  1675 | D:3      | Found a bloodstained altar of Trog.
  1676 | D:3      | Noticed an eye of draining
  1690 | D:3      | Reached XP level 4. HP: 35/42 MP: 1/4
  1696 | D:3      | Killed an eye of draining
  1696 | D:3      | Reached XP level 5. HP: 42/50 MP: 1/5
  1966 | D:3      | Reached skill level 4 in Fighting
  2371 | D:3      | Reached XP level 6. HP: 54/57 MP: 6/6
  2481 | D:3      | Gained mutation: You are surrounded by a mild repulsion field (EV +2). [potion of beneficial mutation]
  2601 | D:4      | Noticed Menkaure
  2601 | D:4      | Noticed Natasha
  2607 | D:4      | Killed Menkaure
  2611 | D:4      | Noticed Grinder
  2617 | D:4      | Slain by a worker ant

Action                   |  1- 3 |  4- 6 || total
-------------------------+-------+-------++-------
Melee: Long sword        |   149 |    71 ||   220
  Use: Scroll            |     5 |     4 ||     9
       Potion            |       |     1 ||     1
  Eat: Bread ration      |     1 |       ||     1
